 Seeded DCSS version 0.30-a0-122-g2a1322497e (webtiles) character file.

Game seed: 5751597265151964283 (custom seed)

3570 SigmundSlayer the Frost Mage (level 10, -7/111 HPs)
             Began as a Gnoll Ice Elementalist on Sept 16, 2022.
             Was a Believer of Cheibriados.
             Mangled by an orc knight
             ... wielding a +0 glaive
              (14 damage)
             ... in a bailey.
             The game lasted 00:12:54 (6202 turns).

SigmundSlayer the Frost Mage (GnIE)                 Turns: 6202, Time: 00:12:55

Health: -7/111     AC: 10    Str: 15    XL:     10   Next: 9%
Magic:  14/20      EV: 17    Int: 22    God:    Cheibriados [**....]
Gold:   290        SH:  0    Dex: 23    Spells: 16/23 levels left

rFire   + . .      SeeInvis .    a - +10 flail of Doom {vamp, rF+ rC+ Dex+3}
rCold   + . .      Faith    .    (no shield)
rNeg    . . .      Spirit   .    v - +0 troll leather armour
rPois   .          Reflect  .    j - +2 helmet
rElec   .          Harm     .    (no cloak)
rCorr   .          Rampage  .    d - +0 pair of gloves
Will    .....      Clarity  +    x - +0 pair of boots
Stlth   ..........               l - amulet of regeneration
HPRegen 1.88/turn                (no ring)
MPRegen 0.17/turn                (no ring)

@: berserking (expiring), very slow
A: fangs 1, strong nose, distributed training, clarity, mutation resistance 1
a: Renounce Religion, Bend Time


You were in a bailey.
You worshipped Cheibriados.
Cheibriados was pleased with you.
You visited 2 branches of the dungeon, and saw 8 of its levels.
You also visited: Ossuary and Bailey.

You collected 290 gold pieces.

Inventory:

Hand Weapons
 a - the +10 flail of Doom (weapon) {vamp, rF+ rC+ Dex+3}
   (You found it on level 3 of the Dungeon)

   It occasionally heals its wielder for a portion of the damage dealt when it
   wounds a living foe.
   Dex:       It affects your dexterity (+3).
   rF:        It protects you from fire.
   rC:        It protects you from cold.
 b - a +4 sling of freezing
 m - the +9 flail of Ynemaits {distort, Int+4}
   (You found it on level 3 of the Dungeon)

   It warps and distorts space around it, and may blink, banish, or inflict
   extra damage upon those it strikes.
   Unwielding it can cause banishment or high damage.
   Int:       It affects your intelligence (+4).
Armour
 d - a +0 pair of gloves (worn)
 j - a +2 helmet (worn)
 v - a +0 troll leather armour (worn)
 x - a +0 pair of boots (worn)
Jewellery
 l - an amulet of regeneration (around neck)
Wands
 s - a wand of acid (13)
 w - a wand of iceblast (7)
 y - a wand of mindburst (9)
Scrolls
 c - 4 scrolls of teleportation
 e - 3 scrolls of fear
 g - a scroll of vulnerability
 p - 2 scrolls of butterflies
 u - 2 scrolls of silence
Potions
 f - a potion of berserk rage
 h - a potion of cancellation
 i - a potion of brilliance
 k - a potion of resistance
 n - 2 potions of magic
 o - 3 potions of curing
 q - 2 potions of might
 r - a potion of heal wounds
 t - a potion of flight


   Skills:
 + Level 5.1 Fighting
 + Level 5.1 Short Blades
 + Level 5.1 Long Blades
 + Level 5.1 Axes
 + Level 5.1 Maces & Flails
 + Level 5.1 Polearms
 + Level 5.1 Staves
 + Level 5.1 Ranged Weapons
 + Level 5.1 Throwing
 + Level 5.1 Armour
 + Level 7.0 Dodging
 + Level 6.7 Stealth
 + Level 5.1 Shields
 + Level 5.1 Unarmed Combat
 + Level 7.2 Spellcasting
 + Level 4.2 Conjurations
 + Level 4.2 Hexes
 + Level 4.2 Summonings
 + Level 4.2 Necromancy
 + Level 4.2 Translocations
 + Level 4.2 Transmutations
 + Level 4.2 Fire Magic
 + Level 8.4 Ice Magic
 + Level 4.2 Air Magic
 + Level 4.2 Earth Magic
 + Level 4.2 Poison Magic
 + Level 5.6 Invocations
 + Level 5.1 Evocations


You had 16 spell levels left.
You knew the following spells:

 Your Spells              Type           Power      Damage    Failure   Level
a - Freeze                Ice            100%       1d11      1%          1
b - Frozen Ramparts       Ice            88%        1d14      1%          3
c - Ozocubu's Armour      Ice            44%        N/A       1%          3

Your spell library contained the following spells:

 Spells                   Type           Power      Damage    Failure   Level
 Sublimation of Blood     Necr           26%        N/A       2%          2
 Wereblood                Tmut           26%        N/A       2%          2
 Summon Guardian Golem    Hex/Summ       26%        N/A       4%          3
 Hailstorm                Conj/Ice       35%        3d9       7%          4
 Anguish                  Hex/Necr       13%        N/A       17%         4
 Petrify                  Tmut/Erth      26%        N/A       17%         4
 Summon Hydra             Summ           13%        N/A       100%        7
 Lehudib's Crystal Spear  Conj/Erth      13%        10d4      100%        8


Dungeon Overview and Level Annotations

Branches:
Dungeon (7/15)             Temple (1/1) D:5         Ossuary (visited)
 Bailey (1/1)

Altars:
Ashenzari
Cheibriados
Dithmenos
Elyvilon
Fedhas
Gozag
Hepliaklqana
Kikubaaqudgha
Makhleb
Nemelex Xobeh
Okawaru
Qazlal
Ru
Sif Muna
Trog
Uskayaw
Wu Jian
Xom
Yredelemnul
Zin
The Shining One

Shops:
D:6 [   D:7 *

Annotations:
Temple 2 transporters


Innate Abilities, Weirdness & Mutations

You have very sharp teeth.
Your uncanny sense of smell can sniff out nearby items.
Your experience applies equally to all skills.
You possess an exceptional clarity of mind.
You are somewhat resistant to further mutation.


Message History

Your Short Blades skill increases to level 5!
Your Long Blades skill increases to level 5!
Your Axes skill increases to level 5!
Your Maces & Flails skill increases to level 5!
Your Polearms skill increases to level 5!
Your Staves skill increases to level 5!
Your Ranged Weapons skill increases to level 5!
Your Throwing skill increases to level 5!
Your Armour skill increases to level 5!
Your Dodging skill increases to level 7!
Your Shields skill increases to level 5!
Your Unarmed Combat skill increases to level 5!
Your Evocations skill increases to level 5!
You have reached level 10!
Your frozen ramparts will break if you move.
Continue?
The frozen ramparts melt away as you move.
The orc warrior closely misses you.
The orc knight hits you with a +0 glaive!!
* * * LOW HITPOINT WARNING * * *
The orc warrior misses you. The orc knight barely misses you.
Things that are here:
a +0 halberd; a +0 ring mail You bludgeon the orc knight!!
The orc knight is severely wounded.
The orc knight no longer looks unusually strong.
The orc warrior hits you from afar with a +0 halberd.
* * * LOW HITPOINT WARNING * * *
The orc knight hits you with a +0 glaive.
* * * LOW HITPOINT WARNING * * *
You closely miss the orc knight.
The orc knight is severely wounded.
The orc warrior hits you from afar with a +0 halberd!
* * * LOW HITPOINT WARNING * * *
The orc knight hits you with a +0 glaive.
* * * LOW HITPOINT WARNING * * *
You sock the orc knight!
The orc knight is almost dead.
The orc warrior completely misses you.
The orc knight hits you with a +0 glaive!
You die...

##.........## ##..~~~~~~~..##
##..~~.....~~..##
##########..~~..###..~~..#####
#..........~~..## ##..~~......
#.~~~~~~~~)~..##.∩.##).~~~~~~~
#.~.........)##.....##.)......
#.~.#########'###+############
#.~.## ∆∆∆ #@....... # #.~..##
∆ #.o≈§≈≈≈§§ ## #.~~).##
#..≈§o...§≈ ##. #∩.~~..#
#..§...⌠∩⌠§§ #..
##.~~..#+#..≈≈...⌠..§ #+#..
#.~~..##.#'.§§≈....§§ ##.##.
#.~..##...##..≈≈≈.≈≈≈ #.$.##
#.~.##.....##........ #.$$$.#
#.~.########## #########


You could see an orc knight and an orc warrior (strong).

Vanquished Creatures
  An orc knight (Bailey)
  5 orc warriors
  3 black bears
  A sky beast (D:7)
  3 ogres (D:7)
  An ice beast (D:6)
  A centaur (D:6)
  2 phantoms
  2 kobold brigands (D:7)
  Blork the orc (D:4)
  2 scorpions
  3 wights (D:7)
  A howler monkey (D:7)
  4 orc priests
  3 hounds
  2 jellies
  4 gnoll boudas
  5 iguanas
  Terence (D:3)
  6 orc wizards
  A mummy (Ossuary)
  19 gnolls
  7 adders
  2 white imps
  38 orcs
  5 spectral bats (Ossuary)
  8 ball pythons
  7 bats
  7 endoplasms
  2 giant cockroaches (D:4)
  12 hobgoblins
  4 quokkas
  3 bat simulacra (Ossuary)
  5 frilled lizards
  12 gnoll zombies (Ossuary)
  13 goblins
  A goblin simulacrum (Ossuary)
  8 goblin zombies (Ossuary)
  A hobgoblin zombie (Ossuary)
  5 kobolds
  5 kobold simulacra (Ossuary)
  4 kobold zombies (Ossuary)
  5 orc zombies (Ossuary)
  7 rats
  3 rat simulacra (Ossuary)
  4 spectral goblins (Ossuary)
  3 spectral kobolds (Ossuary)
  3 spectral rats (Ossuary)
245 creatures vanquished.

Vanquished Creatures (others)
  An orc warrior (D:7)
  3 plants (D:7)
4 creatures vanquished.

Grand Total: 249 creatures vanquished

Notes
Turn   | Place    | Note
-------+----------+-------------------------------------------
     0 | D:1      | SigmundSlayer the Gnoll Ice Elementalist began the quest
                  | for the Orb.
     0 | D:1      | Reached XP level 1. HP: 13/13 MP: 6/6
   217 | D:1      | Reached XP level 2. HP: 17/19 MP: 1/7
   902 | D:1      | Reached skill level 5 in Spellcasting
   902 | D:1      | Reached XP level 3. HP: 25/25 MP: 5/9
  1150 | D:2      | Learned a level 3 spell: Frozen Ramparts
  1154 | D:2      | Learned a level 3 spell: Ozocubu's Armour
  1210 | D:2      | You fall into a shaft and drop 2 floors!
  1217 | D:4      | Noticed Blork the orc
  1259 | D:4      | Reached skill level 1 in Invocations
  1286 | D:4      | Killed Blork the orc
  1287 | D:4      | Reached skill level 1 in Fighting
  1287 | D:4      | Reached skill level 1 in Short Blades
  1287 | D:4      | Reached skill level 1 in Long Blades
  1287 | D:4      | Reached skill level 1 in Axes
  1287 | D:4      | Reached skill level 1 in Maces & Flails
  1287 | D:4      | Reached skill level 1 in Polearms
  1287 | D:4      | Reached skill level 1 in Staves
  1287 | D:4      | Reached skill level 1 in Ranged Weapons
  1287 | D:4      | Reached skill level 1 in Throwing
  1287 | D:4      | Reached skill level 1 in Armour
  1287 | D:4      | Reached skill level 1 in Shields
  1287 | D:4      | Reached skill level 1 in Unarmed Combat
  1287 | D:4      | Reached skill level 1 in Conjurations
  1287 | D:4      | Reached skill level 1 in Hexes
  1287 | D:4      | Reached skill level 1 in Summonings
  1287 | D:4      | Reached skill level 1 in Necromancy
  1287 | D:4      | Reached skill level 1 in Translocations
  1287 | D:4      | Reached skill level 1 in Transmutations
  1287 | D:4      | Reached skill level 1 in Fire Magic
  1287 | D:4      | Reached skill level 1 in Air Magic
  1287 | D:4      | Reached skill level 1 in Earth Magic
  1287 | D:4      | Reached skill level 1 in Poison Magic
  1287 | D:4      | Reached skill level 1 in Evocations
  1287 | D:4      | Reached XP level 4. HP: 16/32 MP: 1/11
  1585 | D:4      | Reached XP level 5. HP: 37/37 MP: 6/12
  1923 | D:2      | Found a faded altar of an unknown god.
  2411 | D:3      | Identified the +10 flail of Doom {vamp, rF+ rC+ Dex+3}
  2442 | D:3      | Reached XP level 6. HP: 43/44 MP: 9/13
  2524 | D:3      | Got the Incunabulum of Telluric Hexes
  2567 | D:3      | Noticed Terence
  2573 | D:3      | Killed Terence
  2574 | D:3      | Reached skill level 5 in Dodging
  2739 | D:3      | Found an ornate altar of the Wu Jian Council.
  2802 | D:3      | Identified the +9 flail of Ynemaits {distort, Int+4}
  3350 | D:4      | Reached XP level 7. HP: 48/51 MP: 15/15
  3627 | D:4      | Reached skill level 5 in Stealth
  3843 | D:5      | Entered Level 5 of the Dungeon
  3948 | D:5      | Found a sand-covered staircase.
  3953 | Ossuary  | Entered an ossuary
  4075 | Ossuary  | Reached XP level 8. HP: 58/58 MP: 16/16
  4574 | D:5      | Found a staircase to the Ecumenical Temple.
  4590 | Temple   | Entered the Ecumenical Temple
  4590 | Temple   | Found a transporter.
  4590 | Temple   | Found a transporter.
  4592 | Temple   | Found a transporter.
  4592 | Temple   | Found a transporter.
  4623 | Temple   | Became a worshipper of Cheibriados the Contemplative
  5137 | D:6      | Gained mutation: You are somewhat resistant to further
                  | mutation. [potion of mutation]
  5137 | D:6      | Gained mutation: You possess an exceptional clarity of
                  | mind. [potion of mutation]
  5146 | D:6      | Found Kurotwoa's Antique Armour Boutique.
  5336 | D:6      | Reached * piety under Cheibriados
  5709 | D:7      | Reached XP level 9. HP: 65/65 MP: 18/18
  5814 | D:7      | Reached skill level 8 in Ice Magic
  5899 | D:7      | Reached skill level 5 in Invocations
  5911 | D:7      | Found Zin's Purification Station.
  5918 | D:7      | Found a glowing silver altar of Zin.
  5959 | D:7      | Reached ** piety under Cheibriados
  5995 | D:7      | Found a flagged portal.
  6002 | Bailey   | Entered a bailey
  6102 | Bailey   | Noticed an orc knight
  6179 | Bailey   | Noticed an orc knight
  6198 | Bailey   | Killed an orc knight
  6199 | Bailey   | Reached skill level 5 in Fighting
  6199 | Bailey   | Reached skill level 5 in Short Blades
  6199 | Bailey   | Reached skill level 5 in Long Blades
  6199 | Bailey   | Reached skill level 5 in Axes
  6199 | Bailey   | Reached skill level 5 in Maces & Flails
  6199 | Bailey   | Reached skill level 5 in Polearms
  6199 | Bailey   | Reached skill level 5 in Staves
  6199 | Bailey   | Reached skill level 5 in Ranged Weapons
  6199 | Bailey   | Reached skill level 5 in Throwing
  6199 | Bailey   | Reached skill level 5 in Armour
  6199 | Bailey   | Reached skill level 5 in Shields
  6199 | Bailey   | Reached skill level 5 in Unarmed Combat
  6199 | Bailey   | Reached skill level 5 in Evocations
  6199 | Bailey   | Reached XP level 10. HP: 48/74 MP: 13/20
  6201 | Bailey   | HP: 5/111 [orc knight/+0 glaive (3)]
  6202 | Bailey   | Mangled by an orc knight

Illustrated notes

Levels and vault maps discovered:
D:1:      giann_horns, layout_loops_ring, nicolae_kite_square_tiling_tiny,
          minmay_misc_feat_secret_circle
D:2:      kennysheep_the_goblin_king, layout_loops_ring,
          shapermc_ecumenical_altar_totnotflames
D:3:      layout_loops_ring, mainiacjoe_overflow_concentric_impassable,
          uniq_terence
D:4:      layout_rooms, nicolae_eternal_life, uniq_blork_the_orc
D:5:      layout_loops_ring, minmay_temple_entry_water_ring, enter_ossuary_5
D:6:      nicolae_cairo_tiling_large_dashed, layout_loops_cross, serial_shops,
          nicolae_shop_temple_entry_statues_fountains
D:7:      kennysheep_seaside_town, layout_basic, zin_purify, enter_bailey_3
Temple:   hellmonk_temple_divided_pantheon
Bailey:   bailey_polearm_1, bailey

Skill      XL: |  1  2  3  4  5  6  7  8  9 |
---------------+----------------------------+-----
Spellcasting   | 5 6 7 |  7.2
Invocations    | 1 2 3 4 5 |  5.6
Fighting       | 1 2 3 5 |  5.1
Short Blades   | 1 2 3 5 |  5.1
Long Blades    | 1 2 3 5 |  5.1
Axes           | 1 2 3 5 |  5.1
Maces & Flails | 1 2 3 5 |  5.1
Polearms       | 1 2 3 5 |  5.1
Staves         | 1 2 3 5 |  5.1
Ranged Weapons | 1 2 3 5 |  5.1
Throwing       | 1 2 3 5 |  5.1
Armour         | 1 2 3 5 |  5.1
Shields        | 1 2 3 5 |  5.1
Unarmed Combat | 1 2 3 5 |  5.1
Conjurations   | 1 2 3 4 |  4.2
Hexes          | 1 2 3 4 |  4.2
Summonings     | 1 2 3 4 |  4.2
Necromancy     | 1 2 3 4 |  4.2
Translocations | 1 2 3 4 |  4.2
Transmutations | 1 2 3 4 |  4.2
Fire Magic     | 1 2 3 4 |  4.2
Air Magic      | 1 2 3 4 |  4.2
Earth Magic    | 1 2 3 4 |  4.2
Poison Magic   | 1 2 3 4 |  4.2
Evocations     | 1 2 3 5 |  5.1
Dodging        | 5 6 7 |  7.0
Stealth        | 5 6 |  6.7
Ice Magic      | 8 |  8.4

Action                   |  1- 3 |  4- 6 |  7- 9 | 10-12 || total
-------------------------+-------+-------+-------+-------++-------
Melee: Unarmed           |    14 |     9 |       |       ||    23
       Flail             |       |    30 |   260 |     3 ||   293
       Bite              |       |     5 |    20 |       ||    25
       Punch             |       |       |     7 |       ||     7
 Fire: Sling             |       |     6 |    30 |       ||    36
 Cast: Freeze            |    36 |    13 |     8 |       ||    57
       Frozen Ramparts   |     4 |    14 |    33 |       ||    51
       Ozocubu's Armour  |       |       |     1 |       ||     1
  Use: Potion            |     3 |       |     5 |       ||     8
       Scroll            |     1 |     9 |    12 |       ||    22
 Stab: Sleeping          |       |     3 |    18 |       ||    21
Armor: Robe              |     3 |    13 |    50 |       ||    66
       Skin              |     2 |       |       |       ||     2
       Troll leather arm |       |       |    38 |       ||    38
Dodge: Dodged            |    37 |    33 |   262 |     4 ||   336

Table legend: (Time is in decaauts)
 A = Elapsed time spent in this place.
 B = Non-inter-level travel time spent in this place.
 C = Inter-level travel time spent in this place.
 D = Time resting spent in this place.
 E = Time spent auto-exploring this place.
 F = Levels seen in this place.
 G = Mean time per level.
                   A        B        C        D        E       F      G
               +--------+--------+--------+--------+--------+-----+--------+
         Total |   6652 |   6490 |    162 |    410 |   4207 |  10 |  665.2 |
       Dungeon |   5931 |   5769 |    162 |    402 |   3944 |   7 |  847.3 |
        Temple |     49 |     49 |      0 |      0 |      6 |   1 |   49.0 |
       Ossuary |    403 |    403 |      0 |      0 |    184 |   1 |  403.0 |
        Bailey |    268 |    268 |      0 |      8 |     72 |   1 |  268.0 |
               +--------+--------+--------+--------+--------+-----+--------+

Top non-repeatable levels by time:
     D:4: 1145 daAuts
     D:1: 1108 daAuts
     D:5: 935 daAuts
     D:3: 875 daAuts
     D:6: 761 daAuts
     D:2: 719 daAuts
 Ossuary: 403 daAuts
     D:7: 385 daAuts
  Bailey: 268 daAuts
  Temple: 49 daAuts
